 Seeded DCSS version 0.29-a0-322-g68df515428 (webtiles) character file.

Game seed: 14607736244556014094 (custom seed)

2607 rabbitsville the Cleaver (level 9, -5/78 HPs)
             Began as a Hill Orc Monk on Apr 5, 2022.
             Was a Priest of Beogh.
             Slain by a yak (12 damage)
             ... on level 9 of the Dungeon.
             The game lasted 00:41:08 (8880 turns).

rabbitsville the Cleaver (Hill Orc Monk)            Turns: 8880, Time: 00:41:09

Health: -5/78      AC:  9    Str: 16    XL:     9   Next: 59%
Magic:  12/15      EV: 10    Int: 10    God:    Beogh [***...]
Gold:   249        SH:  0    Dex: 21    Spells: 8/8 levels left

rFire   . . .      SeeInvis .   a - +0 war axe (vorpal)
rCold   . . .      Faith    +   (no shield)
rNeg    . . .      Spirit   .   g - +0 scale mail
rPois   .          Reflect  .   q - +1 helmet
rElec   .          Harm     .   (no cloak)
rCorr   .          Rampage  .   J - +0 pair of gloves
Will    .....                   (no boots)
Stlth   +.........              w - amulet of faith
HPRegen 0.23/turn               s - +6 ring of dexterity
MPRegen 0.14/turn               (no ring)

@: no status effects
A: no striking features
a: Renounce Religion, Smiting


You were on level 9 of the Dungeon.
You worshipped Beogh.
Beogh was most pleased with you.
You visited 1 branch of the dungeon, and saw 9 of its levels.
You also visited: Sewer.

You collected 368 gold pieces.
You spent 119 gold pieces at shops.

Inventory:

Hand Weapons
 a - a +0 vorpal war axe (weapon)
 b - a +0 hunting sling
 o - a +0 hand axe
 u - a +4 dire flail of protection
Missiles
 l - 2 throwing nets (quivered)
Armour
 e - a +0 robe of fire resistance
 g - a +0 scale mail (worn)
 p - a +0 robe
 q - a +1 helmet (worn)
 J - a +0 pair of gloves (worn)
Jewellery
 r - an amulet of the acrobat
 s - a +6 ring of dexterity (left hand)
 w - an amulet of faith (around neck)
Wands
 D - a wand of polymorph (3)
Scrolls
 f - 5 scrolls of teleportation
 i - 3 scrolls of enchant armour
 j - a scroll of fear
 k - a scroll of holy word {unknown}
 m - a scroll of torment {unknown}
 n - 2 scrolls of summoning
 v - a scroll of immolation
 y - a scroll of fog {unknown}
 C - a scroll of amnesia
 E - a scroll of noise {unknown}
 H - a scroll of brand weapon {unknown}
 K - a scroll of enchant weapon {unknown}
Potions
 c - a potion of ambrosia
 d - a potion of heal wounds
 t - 3 potions of attraction
 x - a potion of flight
 z - a potion of magic {unknown}
 A - a potion of lignification {unknown}
 F - 2 potions of curing
 G - a potion of brilliance {unknown}
 I - a potion of invisibility {unknown}


   Skills:
 - Level 6.6 Fighting
 - Level 9.0 Axes
 + Level 6.9 Slings
 - Level 2.4 Dodging
 - Level 1.5 Stealth
 + Level 8.6 Invocations


You had 8 spell levels left.
You didn't know any spells.
Your spell library contained the following spells:

 Spells                   Type           Power      Damage    Failure   Level
 Wereblood                Tmut           0%         N/A       91%         2
 Ozocubu's Armour         Ice            0%         N/A       99%         3
 Metabolic Englaciation   Hex/Ice        0%         N/A       100%        5
 Simulacrum               Ice/Necr       0%         N/A       100%        6


Dungeon Overview and Level Annotations

Branches:
Dungeon (9/15)             Temple (0/1) D:6           Sewer (visited)
   Lair: D:8-11         Orc: D:9-12

Altars:
Elyvilon
Kikubaaqudgha
Nemelex Xobeh
Sif Muna
Trog
Uskayaw
Xom
Yredelemnul

Shops:
D:3 (!:   D:8 :

Annotations:
D:5 exclusion: 3 doors


Message History

A nearby plant withers and dies.
The wyvern bites you but does no damage.
The wyvern bites you. The yak gores you! The yak gores your orc warrior.
The yak gores you. The basilisk gazes at you. You resist with some effort.
Your orc warrior closely misses the basilisk.
The wyvern barely misses you. The yak gores you.
The yak gores your orc warrior! The yak gores you but does no damage.
The basilisk gazes at you. You resist with some effort.
Your orc warrior hits the yak with a +0 short sword.
The wyvern bites you. x2; The yak gores you!
The yak closely misses your orc warrior.
The yak gores you.
* * * LOW HITPOINT WARNING * * *
The basilisk bites you!
* * * LOW HITPOINT WARNING * * *
Your orc warrior closely misses the yak.
The wyvern bites you!
* * * LOW HITPOINT WARNING * * *
The yak completely misses you.
The yak closely misses your orc warrior.
The basilisk hisses menacingly.
The basilisk bites you but does no damage.
The yak gores you but does no damage.
Your orc warrior hits the yak with a +0 short sword!
You turn to flesh and can move again.
Aiming: Smiting
Press: ? - help, Dir - move target, f - wyvern Smite: a wyvern (ally target)
You smite the wyvern!!
The wyvern is almost dead.
You can no longer recall your orcish followers.
The wyvern bites you!
* * * LOW HITPOINT WARNING * * *
The wyvern closely misses you. The yak gores you.
* * * LOW HITPOINT WARNING * * *
The yak misses your orc warrior. The yak gores you!
You die...

....................
.................. ..#..
..............#### ..#..
........................
.>.................PP...
..............####P.....
..............#.oY......
.............!..oYS.....
................@lS.....
...............YYl.....P
............#.S..P.P..
...........#......P..
...........#....P...P
...........#......P..
...........#.....♣P..
.........#.........


You could see 4 yaks, a basilisk, 3 water moccasins, a wyvern (ally target) and
2 friendly orc warriors.

Vanquished Creatures
  A water moccasin (D:5)
  An ice beast (D:7)
  A black bear (D:7)
  A phantom (D:4)
  3 bullfrogs
  A gnoll sergeant (D:8)
  3 scorpions
  2 necrophages
  4 wights
  3 crimson imps (D:3)
  4 hounds
  An orc priest (D:4)
  3 iguanas
  Jessica (D:3)
  3 orc wizards
  4 gnolls
  3 adders
  A shadow imp (D:7)
  A white imp (D:5)
  An ufetubus (D:5)
  2 dart slugs (D:1)
  12 orcs
  7 bats
  9 endoplasms
  16 giant cockroaches
  8 hobgoblins
  8 quokkas
  4 ball pythons
  10 frilled lizards
  4 goblins
  4 kobolds
  3 rats
129 creatures vanquished.

Vanquished Creatures (collateral kills)
  A kobold demonologist (D:9)
  A hornet (D:8)
  A basilisk (D:9)
  A yak (D:9)
  An orc warrior (D:7)
  3 centaurs
  3 bullfrogs
  3 wights
  A jelly (D:7)
  2 orc priests
  2 gnolls (D:8)
  3 orcs
22 creatures vanquished.

Vanquished Creatures (others)
  A scorpion (D:4)
  An orc priest (D:4)
  A worm (D:4)
  11 orcs
  A hobgoblin (D:4)
  A quokka (D:4)
  4 plants (D:9)
20 creatures vanquished.

Grand Total: 171 creatures vanquished

Notes
Turn   | Place    | Note
-------+----------+-------------------------------------------
     0 | D:1      | rabbitsville the Hill Orc Monk began the quest for the Orb.
     0 | D:1      | Reached XP level 1. HP: 19/19 MP: 1/1
   452 | D:1      | Reached XP level 2. HP: 23/27 MP: 2/2
  1125 | D:1      | Reached skill level 5 in Fighting
  1125 | D:1      | Reached XP level 3. HP: 36/36 MP: 3/3
  1356 | D:2      | Found a faded altar of an unknown god.
  2014 | D:3      | Reached XP level 4. HP: 18/44 MP: 4/4
  2029 | D:3      | Found a glowing drain.
  2163 | D:3      | Noticed Jessica
  2170 | D:3      | Killed Jessica
  2188 | D:3      | Found Laecimic's Weapon Shoppe.
  2212 | D:3      | Bought a +0 war axe for 42 gold pieces
  2243 | D:3      | Noticed a +0 falchion
  2276 | Sewer    | Entered a sewer
  2357 | Sewer    | Reached XP level 5. HP: 51/51 MP: 5/5
  2841 | Sewer    | Reached skill level 5 in Axes
  2841 | Sewer    | Reached skill level 1 in Slings
  2842 | Sewer    | Reached XP level 6. HP: 21/58 MP: 6/6
  3064 | D:3      | Noticed a +0 falchion
  3066 | D:3      | Noticed a +0 short sword
  3066 | D:3      | Noticed a +0 spear
  3066 | D:3      | Noticed a +0 dagger
  3066 | D:3      | Noticed a +0 short sword
  3067 | D:3      | Noticed a +0 dagger
  3068 | D:3      | Noticed a +0 spear
  3074 | D:3      | Found a hide-covered altar of Uskayaw.
  3251 | D:3      | Found a shimmering altar of Xom.
  3313 | D:3      | Reached skill level 6 in Axes
  3378 | D:3      | Found Gegant's Distillery.
  3384 | D:3      | Bought a potion of might for 44 gold pieces
  3384 | D:3      | Bought a potion of curing for 33 gold pieces
  3445 | D:3      | Found Zaticown's Book Shop.
  3539 | D:4      | Became a worshipper of Beogh the Brigand
  3539 | D:4      | Reached * piety under Beogh
  3539 | D:4      | Reached ** piety under Beogh
  3574 | D:4      | Found a white marble altar of Elyvilon.
  3684 | D:4      | Reached skill level 1 in Invocations
  3684 | D:4      | Reached XP level 7. HP: 58/64 MP: 6/8
  3737 | D:4      | Found Tycidgha's General Store.
  4063 | D:4      | Found a sparkling altar of Nemelex Xobeh.
  4466 | D:5      | Entered Level 5 of the Dungeon
  4514 | D:5      | Reached skill level 7 in Axes
  5435 | D:5      | Reached XP level 8. HP: 69/71 MP: 10/10
  5819 | D:6      | Found a staircase to the Ecumenical Temple.
  5871 | D:6      | Noticed a troll
  5891 | D:6      | Noticed a cyclops
  6451 | D:7      | Reached skill level 8 in Axes
  6471 | D:7      | Reached *** piety under Beogh
  6472 | D:7      | Reached skill level 5 in Invocations
  6725 | D:7      | Found an ancient bone altar of Kikubaaqudgha.
  6726 | D:7      | Found a basalt altar of Yredelemnul.
  6785 | D:7      | Found a bloodstained altar of Trog.
  6787 | D:7      | Reached skill level 5 in Slings
  6810 | D:7      | Found a shimmering blue altar of Sif Muna.
  6814 | D:7      | Got Sif Muna's Almanac of Transformation
  7732 | D:8      | Reached skill level 9 in Axes
  7854 | D:8      | Reached XP level 9. HP: 59/78 MP: 13/13
  7961 | D:8      | Found Suodal's Self-Improvement Boutique.
  8398 | D:8      | Noticed a hornet
  8410 | D:8      | Killed a hornet
  8744 | D:9      | Reached **** piety under Beogh
  8747 | D:9      | Noticed a kobold demonologist
  8750 | D:9      | Noticed a red devil
  8752 | D:9      | Noticed a soul eater
  8754 | D:9      | Killed a kobold demonologist
  8880 | D:9      | Slain by a yak

Illustrated notes

Levels and vault maps discovered:
D:1:      minmay_arrival_solitary_statue, layout_loops_cross,
          minmay_crystal_water, minmay_misc_feat_plants
D:2:      layout_basic, shapermc_ecumenical_altar_venn, interstate_on_off,
          nicolae_elevator_lobby_asterisk
D:3:      layout_rooms, nicolae_uskayaw_en_pointe, led_xom_imps,
          portal_sewer_entry_f, serial_shops, nicolae_lakefront_shop,
          nicolae_shop_advertising_works [nicolae_subvault_shop_adworks], shop,
          minivault_26, uniq_jessica
D:4:      layout_cave_pools, elyvilon_altar_5, nemelex_dance_club_becter,
          serial_shops, nicolae_shop_temple_entry_statues_fountains,
          kennysheep_generic_room_12
D:5:      layout_basic
D:6:      minmay_cornered_nines, layout_loops_ring,
          nicolae_wu_jian_wuxing_cycle, temple_doors_e, st_stairs_14
D:7:      layout_cave_pods, nzn_overflow_gifts_of_might_and_magic,
          yredelemnul_altar_generic, old_standard_altar,
          minmay_fractal_squares_gapless_5
D:8:      layout_rooms, nicolae_shop_self_help
D:9:      layout_grid_maze, lemuel_round_altar, minmay_lair_entry_grove,
          serial_glass, glass_columns_c, glass_columns_a

Skill      XL: |  1  2  3  4  5  6  7  8  9 |
---------------+----------------------------+-----
Fighting       | 4 5 6 |  6.6
Axes           | 5 6 7 9 |  9.0
Slings         | 2 3 4 5 6 |  6.9
Invocations    | 1 3 6 8 |  8.6
Dodging        | |  2.4
Stealth        | |  1.5

Action                   |  1- 3 |  4- 6 |  7- 9 || total
-------------------------+-------+-------+-------++-------
Melee: Hand axe          |   127 |    36 |       ||   163
       Punch             |     1 |       |     4 ||     5
       War axe           |       |   137 |   203 ||   340
 Fire: Hunting sling     |       |    67 |    52 ||   119
Invok: Convert to Beogh  |       |     1 |       ||     1
       Smiting           |       |       |     1 ||     1
  Use: Potion            |       |       |     9 ||     9
       Scroll            |       |       |     9 ||     9
 Stab: Sleeping          |     1 |       |       ||     1
       Distracted        |       |       |     4 ||     4
Armor: Robe              |    11 |       |       ||    11
       Scale mail        |    18 |    93 |   121 ||   232
Dodge: Dodged            |    95 |   104 |   155 ||   354

Table legend: (Time is in decaauts)
 A = Elapsed time spent in this place.
 B = Non-inter-level travel time spent in this place.
 C = Inter-level travel time spent in this place.
 D = Time resting spent in this place.
 E = Time spent auto-exploring this place.
 F = Levels seen in this place.
 G = Mean time per level.
                   A        B        C        D        E       F      G
               +--------+--------+--------+--------+--------+-----+--------+
         Total |   9072 |   8723 |    349 |   1528 |   3334 |  10 |  907.2 |
       Dungeon |   8212 |   7863 |    349 |   1147 |   3330 |   9 |  912.4 |
         Sewer |    859 |    859 |      0 |    381 |      4 |   1 |  859.0 |
               +--------+--------+--------+--------+--------+-----+--------+

Top non-repeatable levels by time:
     D:5: 1598 daAuts
     D:7: 1435 daAuts
     D:1: 1283 daAuts
     D:8: 1099 daAuts
     D:4: 957 daAuts
   Sewer: 859 daAuts
     D:3: 817 daAuts
     D:2: 723 daAuts
     D:6: 153 daAuts
     D:9: 144 daAuts
